 Dungeon Crawl Stone Soup version 0.30.0 (webtiles) character file.

Game seed: 6170116032893579365

1134 Bouncy the Spear-Bearer (level 8, -1/63 HPs)
             Began as a Ghoul Gladiator on Nov 13, 2023.
             Was a Follower of Nemelex Xobeh.
             Slain by a hound (2 damage)
             ... on level 5 of the Dungeon on Nov 16, 2023.
             The game lasted 00:39:41 (4421 turns).

Bouncy the Spear-Bearer (Ghoul Gladiator)           Turns: 4421, Time: 00:39:42

Health: -1/63      AC:  8    Str: 20    XL:     8   Next: 36%
Magic:  7/7        EV: 11    Int:  3    God:    Nemelex Xobeh [*.....]
Gold:   322        SH:  0    Dex: 10    Spells: 7/7 levels left

rFire   . . .        a - +3 trident
rCold   + + .        (no shield)
rNeg    + + +        h - +1 ring mail
rPois   ∞            c - +1 helmet
rElec   .            (no cloak)
rCorr   .            (no gloves)
SInv    .            (no boots)
Will    .....        (no amulet)
Stlth   +            o - ring of protection from cold
HPRegen 0.00/turn    (no ring)
MPRegen 0.10/turn

%: no passive effects
@: inhibited regen
A: claws 1, cold resistance 1, negative energy resistance 3, inhibited
regeneration, torment resistance 2, devour on kill
a: Renounce Religion, Draw Escape, Draw Destruction, Draw Summoning


You were on level 5 of the Dungeon.
You worshipped Nemelex Xobeh.
Nemelex Xobeh was aware of your devotion.
You visited 1 branch of the dungeon, and saw 6 of its levels.

You collected 322 gold pieces.

Inventory:

Hand Weapons
 a - a +3 trident (weapon)
Missiles
 d - 3 throwing nets
 e - a javelin
Armour
 b - a +0 leather armour
 c - a +1 helmet (worn)
 h - a +1 ring mail (worn)
Jewellery
 o - a ring of protection from cold (left claw)
 t - an amulet of faith
Wands
 i - a wand of digging (3)
Scrolls
 f - a scroll of noise
 n - a scroll of teleportation
 p - a scroll of silence {unknown}
Potions
 g - a potion of ambrosia {unknown}
 j - 2 potions of attraction
 k - 3 potions of heal wounds {unknown}
 l - 2 potions of curing {unknown}
 m - a potion of degeneration {unknown}
 s - a potion of cancellation {unknown}
 v - 2 potions of lignification {unknown}
 w - 2 potions of mutation {unknown}


   Skills:
 - Level 3.5 Fighting
 + Level 8.7 Polearms
 - Level 1.9 Throwing
 - Level 1.1 Armour
 - Level 2.9 Dodging
 - Level 0.2 Stealth


You had 7 spell levels left.
You didn't know any spells.
Your spell library was empty.

Dungeon Overview and Level Annotations

Branches:
Dungeon (6/15)
 Temple: D:4-7

Altars:
Nemelex Xobeh
Sif Muna

Shops:
D:5 ?


Innate Abilities, Weirdness & Mutations

You are immune to poison.
You have sharp fingernails.
Your flesh is cold resistant. (rC+)
You are immune to negative energy. (rN+++)
You do not regenerate when monsters are visible.
You are immune to unholy pain and torment.
You thrive by killing the living.


Message History

Press: ? - help, Dir - move target, f - cyan ugly thing
Aim: a cyan ugly thing (about 36% to evade your +3 trident)
You barely miss the cyan ugly thing. The hound bites you but does no damage.
You puncture the cyan ugly thing!
The cyan ugly thing is moderately wounded.
The hound bites you.
The cyan ugly thing punches you but does no damage.
The hound barely misses you.
You closely miss the cyan ugly thing.
The cyan ugly thing is moderately wounded.
The cyan ugly thing barely misses you. The hound misses you.
Okay, then.
You puncture the cyan ugly thing!
The cyan ugly thing is moderately wounded.
The hound bites you but does no damage. The cyan ugly thing punches you!
The cyan ugly thing shocks you!
* * * LOW HITPOINT WARNING * * *
You puncture the cyan ugly thing!
The cyan ugly thing is heavily wounded.
The hound closely misses you. The cyan ugly thing closely misses you.
The hound barely misses you.
You puncture the cyan ugly thing!
The cyan ugly thing is severely wounded.
The cyan ugly thing barely misses you. The hound bites you but does no damage.
You puncture the cyan ugly thing!
The cyan ugly thing is severely wounded.
The hound bites you.
* * * LOW HITPOINT WARNING * * *
The cyan ugly thing misses you.
You hit the cyan ugly thing.
The cyan ugly thing is severely wounded.
The hound misses you. The cyan ugly thing punches you.
* * * LOW HITPOINT WARNING * * *
The cyan ugly thing shocks you!
* * * LOW HITPOINT WARNING * * *
You puncture the cyan ugly thing!
The cyan ugly thing is almost dead.
The hound bites you.
You die...
Your body disappears without a glow.

#.......#.....#......#
#.......#.....#......#
########'#.....########
#...........#+###......
#...........#...#......
#...........#...#......
#...........#...#......
#....hu.....#...#......
#.....@.....#.###......
####'###'####'#.....###
#............#.....#..
#...........(#.....'..
#............'.....#..
#.).##.∩##.###.....###
#...######'#.....###
#....#.....#.....#
#....#..(..#.....#


You could see a cyan ugly thing and a hound.

Vanquished Creatures
  Sigmund (D:5)
  Menkaure (D:5)
  A black bear (D:4)
  An ogre (D:4)
  A centaur (D:5)
  A phantom (D:5)
  2 scorpions (D:4)
  A howler monkey (D:3)
  2 hounds (D:5)
  A sleepcap (D:4)
  3 iguanas
  2 orc wizards (D:5)
  7 adders
  A shadow imp (D:5)
  A white imp (D:5)
  An ufetubus (D:4)
  A worm (D:2)
  3 dart slugs
  17 orcs
  4 bats
  3 endoplasms
  3 giant cockroaches
  8 hobgoblins
  3 jackals (D:2)
  3 kobolds
  5 quokkas
  5 ball pythons
  5 frilled lizards
  A goblin (D:4)
  4 rats
92 creatures vanquished.

Notes
Turn   | Place    | Note
-------+----------+-------------------------------------------
     0 | D:1      | Bouncy the Ghoul Gladiator began the quest for the Orb.
     0 | D:1      | Reached XP level 1. HP: 17/17 MP: 0/0
   285 | D:1      | Reached XP level 2. HP: 25/25 MP: 1/1
   432 | D:1      | Reached skill level 3 in Polearms
   991 | D:2      | Reached XP level 3. HP: 21/30 MP: 2/2
  1585 | D:3      | Reached XP level 4. HP: 38/38 MP: 3/3
  2100 | D:3      | Identified the +1 short sword "Owkiuf" {heavy, *Rage rPois
                  | Str+3}
  2395 | D:4      | Noticed a scorpion
  2407 | D:4      | Killed a scorpion
  2408 | D:4      | Reached skill level 4 in Polearms
  2408 | D:4      | Reached skill level 1 in Armour
  2408 | D:4      | Reached XP level 5. HP: 30/45 MP: 4/4
  2613 | D:4      | Found a sparkling altar of Nemelex Xobeh.
  2677 | D:4      | Reached skill level 5 in Polearms
  2677 | D:4      | Reached XP level 6. HP: 51/51 MP: 5/5
  2897 | D:4      | Noticed a black bear
  2909 | D:4      | Killed a black bear
  2910 | D:4      | Reached skill level 6 in Polearms
  2910 | D:4      | Reached XP level 7. HP: 42/57 MP: 6/6
  3091 | D:4      | Found a shimmering blue altar of Sif Muna.
  3318 | D:4      | Became a worshipper of Nemelex Xobeh the Trickster
  3330 | D:5      | Entered Level 5 of the Dungeon
  3562 | D:5      | Reached skill level 7 in Polearms
  3637 | D:5      | Noticed Menkaure
  3654 | D:5      | Killed Menkaure
  3846 | D:5      | Noticed Sigmund
  3856 | D:5      | Killed Sigmund
  3857 | D:5      | Reached skill level 8 in Polearms
  3857 | D:5      | Reached XP level 8. HP: 53/63 MP: 7/7
  4008 | D:5      | Found Haijaus's Magic Scroll Shop.
  4126 | D:5      | Reached * piety under Nemelex Xobeh
  4403 | D:6      | Noticed a cyan ugly thing
  4420 | D:5      | HP: 1/63 [cyan ugly thing (12)]
  4421 | D:5      | Slain by a hound

Illustrated notes

Levels and vault maps discovered:
D:1:      dpeg_arrival_round_a, layout_rooms, roderic_lattice_a
D:2:      minmay_wonky_spiral, layout_loops_ring
D:3:      layout_basic
D:4:      layout_loops_ring, mainiacjoe_overflow_surrounded_room,
          nicolae_overflow_hidden_temple, enter_ossuary_3
D:5:      layout_gridville, serial_shops, shop, uniq_menkaure, uniq_sigmund
D:6:      layout_rooms, grunt_temple_overflow_gold_and_silver,
          minmay_temple_entry_arrows

Skill      XL: |  1  2  3  4  5  6  7 |
---------------+----------------------+-----
Polearms       | 3 4 5 6 8 |  8.7
Fighting       | 3 |  3.5
Armour         | 1 |  1.1
Throwing       | |  1.9
Dodging        | |  2.9
Stealth        | |  0.2

Action                     |  1- 3 |  4- 6 |  7- 9 || total
---------------------------+-------+-------+-------++-------
  Melee: Trident           |   117 |    85 |   158 ||   360
         Punch             |     1 |       |     1 ||     2
  Throw: Javelin           |       |     1 |       ||     1
  Evoke: Wand              |       |       |    11 ||    11
    Use: Scroll            |       |     7 |     3 ||    10
 Armour: Ring mail         |    27 |    25 |    61 ||   113
         Leather armour    |     1 |       |       ||     1
  Dodge: Dodged            |    45 |    51 |    72 ||   168
